Map: Incorporeal LE

Players

ManlyManMeat - Winner!

  • Race: Zerg Zerg
  • League: Diamond
  • Spawn Location: 11:00

Riegel

  • Race: Zerg Zerg
  • League: Diamond
  • Spawn Location: 5:00

VOD

Have the link to the VOD?

Description

Time

  • Played on: July 5, 2025, 4:50 p.m.
  • Length: 9:47
Show
View Real Time Build Order
Export as new Build Order

ManlyManMeat Zerg - Winner!

Build Orders: Hatch First 

Get SALT Encoding   

  12  0:00  Drone  
  13  0:08  Drone  
  14  0:14  Extractor  
  14  0:16  Drone  
  15  0:22  Overlord  
  15  0:41  Drone  
  16  0:49  Hatchery  
  15  0:51  Drone  
  15  0:54  Drone  
  17  0:57  Drone  
  18  1:10  Extractor  
  17  1:13  Spawning Pool  
  17  1:18  Drone  
  17  1:26  Drone  
  18  1:40  Drone  
  19  1:48  Drone  
  20  2:00  Queen  
  20  2:01  Queen  
  22  2:02  Zergling x4  
  26  2:16  Drone  
  26  2:17  Zergling x2  
  27  2:32  Overlord  
  27  2:42  Metabolic Boost  
  27  2:45  Zergling x2  
  27  2:49  Queen  
  30  2:56  Zergling x6  
  30  2:57  Zergling x4  
  35  3:05  Drone  
  32  3:23  Drone x4  
  36  3:55  Spine Crawler  
  35  3:58  Spine Crawler, Queen  
  36  4:03  Overlord x2, Spine Crawler  
  35  4:11  Zergling x2  
  33  4:18  Zergling x10  
  33  4:19  Zergling x2  
  30  4:26  Zergling x2  
  30  4:27  Zergling x6  
  33  4:35  Roach Warren  
  33  4:38  Drone  
  33  4:51  Drone x3  
  36  5:12  Drone x5  
  40  5:19  Extractor  
  40  5:35  Drone x2  
  40  5:36  Drone x3  
  40  5:41  Evolution Chamber  
  43  5:46  Overlord  
  43  5:55  Drone x2  
  43  5:56  Drone  
  46  6:09  Overlord  
  46  6:11  Drone x5  
  48  6:13  Drone x2  
  48  6:17  Zerg Missile Weapons Level 1  
  53  6:35  Overlord x2  
  53  6:36  Overlord  
  53  6:39  Lair  
  51  6:57  Roach x3  
  51  6:58  Roach x5  
  67  7:12  Roach x6  
  79  7:26  Roach x3  
  85  7:35  Roach x3  
  91  7:37  Glial Reconstitution  
  91  7:46  Overlord  
  91  7:47  Overlord  
  91  8:00  Overlord  
  91  8:01  Overlord x2  
  91  8:12  Roach x7  
  105  8:19  Overlord  
  95  8:36  Roach x5  
  103  8:52  Drone x2  
  103  8:53  Drone, Extractor  
  103  8:54  Drone x3  
  102  9:13  Roach x6  
  104  9:23  Roach x4  
Show
View Real Time Build Order
Export as new Build Order

Riegel Zerg 

Build Orders: Pool First 

Get SALT Encoding   

  12  0:02  Drone  
  13  0:13  Extractor  
  12  0:28  Spawning Pool  
  11  0:29  Drone  
  11  0:34  Drone  
  13  0:43  Overlord  
  13  0:49  Drone  
  14  1:02  Drone x2  
  16  1:16  Queen  
  18  1:24  Metabolic Boost  
  18  1:35  Zergling x6  
  21  1:47  Overlord  
  21  2:02  Drone  
  21  2:05  Hatchery  
  21  2:15  Queen  
  22  2:32  Zergling x8  
  22  2:33  Zergling x2  
  27  2:47  Zergling x2  
  28  3:03  Drone, Roach Warren  
  28  3:06  Zergling x2  
  24  3:26  Zergling x2  
  24  3:27  Zergling x8  
  29  3:32  Overlord  
  29  3:39  Overlord  
  29  3:40  Drone  
  30  3:45  Drone  
  31  3:53  Zergling x2  
  32  4:00  Zergling x4  
  34  4:07  Drone  
  34  4:08  Drone x2  
  37  4:11  Extractor  
  34  4:18  Zergling x2  
  34  4:19  Zergling x6  
  30  4:33  Drone  
  30  4:34  Drone x2, Overlord  
  30  4:35  Drone x3  
  36  4:45  Roach  
  36  4:46  Drone, Roach  
  36  4:48  Drone  
  40  5:05  Hatchery  
  37  5:16  Queen  
  37  5:20  Roach x3  
  37  5:21  Drone  
  47  5:36  Roach x4  
  47  5:40  Drone x3  
  58  5:49  Drone x2, Overlord  
  60  5:50  Overlord  
  60  6:01  Hatchery  
  59  6:07  Drone  
  59  6:11  Roach x2  
  64  6:12  Drone x3  
  64  6:13  Roach  
  69  6:27  Hatchery  
  69  6:30  Drone, Roach x2  
  72  6:48  Hatchery  
  71  7:04  Extractor x2  
  71  7:07  Evolution Chamber  
  68  7:09  Lair, Evolution Chamber  
  68  7:12  Overlord x4  
  67  7:21  Drone x3  
  70  7:29  Zergling x6  
  73  7:30  Zergling x2  
  74  7:38  Drone x3  
  74  7:40  Drone x3  
  74  7:41  Zergling x6  
  83  7:57  Overlord  
  83  7:58  Zergling x2, Overlord  
  84  7:59  Zergling x2  
  85  8:10  Drone x3  
  85  8:11  Drone x3  
  91  8:15  Spire  
  91  8:19  Zergling x2  
  91  8:20  Zergling x2, Overlord  
  91  8:21  Zergling x10  
  95  8:31  Extractor  
  85  8:34  Extractor  
  85  8:38  Zergling x14  
  91  8:57  Overlord x2  
  91  8:58  Zergling x2  
  77  9:11  Zergling x2  
  77  9:12  Zergling x18  
  76  9:17  Zergling x2  
Tags
 
Add a new tag
Caveats
  • Supply blocks, unpowered buildings, or Contaminate may cause inaccurate times.
  • Supply counts are checked every 10 seconds.